AoeStats
← Malenia6830

Glade

518589686Analyzed
1v1 RM · 13d ago on Nov 4, 2026· 22m 37s· 2 players
Game mode
Random Map
Map size
Tiny (2 player)
Population
200
Speed
Normal
Resources
Standard
Victory
Conquest
Starting age
Dark Age
Ending age
Imperial Age
RankedLock teamsTeams togetherTeam positionsShared explorationLock speedFull tech treeHidden civsTurbo modeCheats
Victory
Defeat
🇦🇷 Lithuanians · Argentina
1097
+42
vs
🇦🇷 Lithuanians · Argentina
1074
-15
Neu
7:27 Loom
9:54 Feudal Age
14:42 Double-Bit Axe
15:06 Horse Collar
21:48 Fletching
24:35 Castle Age
Malenia6830
6:33 Loom
12:15 Feudal Age
16:57 Castle Age
16:19 Double-Bit Axe
16:14 Horse Collar
17:58 Bow Saw
19:31 Gold Mining
21:48 Sanctity
23:14 Redemption
23:50 Wheelbarrow
Connection lost

Rejoining the realm…

Still unreachable

The connection could not be restored.

Session expired

The server has moved on; the page needs a fresh start.